 Dungeon Crawl Stone Soup version 0.26-a0-663-g36e8fdb655 (webtiles) character file.

Game seed: 2775274416192581956

203 tygod the Caller (level 5, -3/21 HPs)
             Began as a Felid Summoner on Oct 10, 2020.
             Slain by a black bear (5 damage)
             ... on level 4 of the Dungeon on Oct 11, 2020.
             The game lasted 00:24:01 (6635 turns).

tygod the Caller (Felid Summoner)                   Turns: 6635, Time: 00:24:02

Health: -3/21      AC:  1    Str:  5    XL:     5   Next: 51%
Magic:  0/11       EV: 18    Int: 16    God:
Gold:   221        SH:  0    Dex: 17    Spells: 10/11 levels left
                                        Lives:  0   Deaths: 1

rFire    x . .     SeeInvis +     - Unarmed
rCold    + . .     Faith    .   (shield unavailable)
rNeg     . . .     Spirit   .   (armour unavailable)
rPois    .         Reflect  .   (helmet unavailable)
rElec    .         Harm     .   (cloak unavailable)
rCorr    .         Rampage  .   (gloves unavailable)
MR       .....                  (boots unavailable)
Stlth    +++.......             (no amulet)
HPRegen  0.07/turn              m - ring of ice
MPRegen  0.12/turn              (no ring)

@: quick
A: very small, no armour, no weapons or thrown items, stealth, claws 1, fangs 3,
see invisible, speed 1, shaggy fur 1, sharp paws
a: no special abilities


You were on level 4 of the Dungeon.
You visited 1 branch of the dungeon, and saw 4 of its levels.

You collected 221 gold pieces.

Inventory:

Jewellery
 m - a ring of ice (left paw)
Scrolls
 a - a scroll of fear
 g - a scroll of remove curse
 h - 2 scrolls of teleportation
 j - 2 scrolls of amnesia
Potions
 b - a potion of flight {unknown}
 c - 5 potions of curing
 d - a potion of might
 e - a potion of cancellation
 f - 2 potions of stabbing
 i - a potion of lignification {unknown}
 k - 3 potions of mutation
 l - 2 potions of heal wounds {unknown}
 n - 2 potions of magic {unknown}
 o - a potion of degeneration {unknown}


   Skills:
 + Level 0.2 Fighting
 + Level 3.0 Dodging
 * Level 3.7 Stealth
 * Level 1.5 Unarmed Combat
 + Level 3.8 Spellcasting
 + Level 5.4 Summonings


You had 10 spell levels left.
You knew the following spells:

 Your Spells              Type           Power        Failure   Level
a - Summon Small Mammal   Summ           ###.         1%          1

Your spell library contained the following spells:

 Spells                   Type           Power        Failure   Level
 Call Imp                 Summ           ###.....     2%          2
 Call Canine Familiar     Summ           ###.....     5%          3
 Summon Guardian Golem    Hex/Summ       ##......     17%         3
 Summon Ice Beast         Ice/Summ       ###.....     50%         4
 Summon Lightning Spire   Summ/Air       ##......     50%         4


Dungeon Overview and Level Annotations

Branches:
Dungeon (4/15)
 Temple: D:4-7

Altars:
Nemelex Xobeh
Trog


Innate Abilities, Weirdness & Mutations

You cannot wear armour.
You are incapable of wielding weapons or throwing items.
Your paws allow you to move quietly. (Stealth)
You have sharp claws.
You have razor-sharp teeth.
You have supernaturally acute eyesight. (SInv)
You cover ground quickly.
You are covered in fur. (AC +1)
Your sharp claws are effective at attacking unaware monsters.


Message History

The black bear rages.
Casting: Summon Small Mammal (safe; 1% risk of failure)
Confirm with . or Enter, or press ? or * to list all spells.
The black bear closely misses you. The black bear misses you. x2
The black bear rages.
You swap places.
The black bear bites your quokka!
Your quokka dies!
Your quokka's corpse disappears in a puff of smoke!
Casting: Summon Small Mammal (safe; 1% risk of failure)
Confirm with . or Enter, or press ? or * to list all spells.
The black bear bites you! The black bear closely misses you. x2
Okay, then.
Casting: Summon Small Mammal (safe; 1% risk of failure)
Confirm with . or Enter, or press ? or * to list all spells.
The black bear bites you. The black bear barely misses you.
The black bear claws you!
* * * LOW HITPOINT WARNING * * *
The black bear misses you. The black bear barely misses you.
The black bear claws you.
You die...

###.### #.#.######.#.##.####
#.....# #.#.# #.#.##.######
#.....# #.#.# #.#.........(
#.....# #.#.# #.#####.#####
#....h######.#.# #.......#
#............#.# ######..#
#.....########.# #.)#
#####..(.#####.###########..#####
####......§h@.r..............
#.#####r###########....#.#
####>..................####.#
#.......##.###########.# #.#
#.......##.# #.......## #.#
#........#.# #........# #.#
#........#+## #........# #.#
#...........# #........###.#
######.#....# #.........##..


You could see a black bear (berserk) and 2 friendly rats.

Vanquished Creatures
  A scorpion (D:3)
  A hound (D:4)
  3 adders
  A dart slug (D:2)
  2 leopard geckos
  4 giant cockroaches
  6 goblins
  3 hobgoblins
  A kobold (D:1)
  A quokka (D:3)
  A ball python (D:1)
  3 bats
  A frilled lizard (D:2)
  A quokka skeleton (D:4)
  5 rats
34 creatures vanquished.

Vanquished Creatures (collateral kills)
  An ogre (D:4)
  A hound (D:3)
  A worker ant (D:4)
  A hound skeleton (D:4)
  A river rat (D:3)
  2 adders
  2 oozes
  An adder skeleton (D:4)
  2 worms
  A dart slug (D:3)
  A leopard gecko (D:3)
  5 orcs
  2 ball pythons
  4 giant cockroaches
  A goblin (D:3)
  8 hobgoblins
  4 jackals (D:3)
  6 kobolds
  3 bats (D:2)
  3 frilled lizards
  8 rats
58 creatures vanquished.

Grand Total: 92 creatures vanquished

Notes
Turn   | Place    | Note
-------+----------+-------------------------------------------
     0 | D:1      | tygod the Felid Summoner began the quest for the Orb.
     0 | D:1      | Reached XP level 1. HP: 7/7 MP: 4/4
   691 | D:1      | Reached XP level 2. HP: 11/11 MP: 1/6
  1180 | D:2      | Noticed a moth of wrath
  1242 | D:2      | Reached XP level 3. HP: 11/14 MP: 2/7
  1629 | D:2      | Reached skill level 1 in Unarmed Combat
  1970 | D:2      | Found a bloodstained altar of Trog.
  3087 | D:3      | Reached XP level 4. HP: 5/18 MP: 5/9
  3309 | D:3      | Slain by a river rat
  3310 | D:3      | Reached XP level 3. HP: -1/14 MP: 7/8
  3796 | D:3      | Found a sparkling altar of Nemelex Xobeh.
  4298 | D:4      | Noticed a scorpion
  4317 | D:3      | Reached XP level 4. HP: 8/18 MP: 0/9
  4941 | D:3      | Reached skill level 5 in Summonings
  5814 | D:4      | Noticed an ogre
  6028 | D:4      | Killed an ogre
  6028 | D:4      | Reached XP level 5. HP: 21/21 MP: 3/11
  6417 | D:4      | Noticed a black bear
  6635 | D:4      | Slain by a black bear

Illustrated notes

Levels and vault maps discovered:
D:1:      lemuel_arrival_rhombus, layout_basic, minmay_heptomino_h4
D:2:      layout_loops_ring, tgw_trog, wad_floor_pattern_1
D:3:      layout_loops_ring, gup_sewer_entry_spiral, nemelex_dance_club_becter
D:4:      black_bear_nest_1, layout_basic, kennysheep_generic_room_3

Skill      XL: |  1  2  3  4  5 |
---------------+----------------+-----
Stealth        | 3 |  3.7
Unarmed Combat | 1 |  1.5
Spellcasting   | 3 |  3.8
Summonings     | 5 |  5.4
Dodging        | 3 |  3.0
Fighting       | |  0.2

Action                   |  1- 3 |  4- 6 || total
-------------------------+-------+-------++-------
Melee: Unarmed           |   117 |    59 ||   176
       Bite              |     3 |     9 ||    12
 Cast: Summon Small Mamm |   132 |   108 ||   240
  Use: Scroll            |     3 |     6 ||     9
       Potion            |       |     6 ||     6
 Stab: Sleeping          |     7 |       ||     7
       Distracted        |     1 |       ||     1
Armor: Skin              |     6 |     1 ||     7
Dodge: Dodged            |   132 |    56 ||   188

Table legend: (Time is in decaauts)
 A = Elapsed time spent in this place.
 B = Non-inter-level travel time spent in this place.
 C = Inter-level travel time spent in this place.
 D = Time resting spent in this place.
 E = Time spent auto-exploring this place.
 F = Levels seen in this place.
 G = Mean time per level.
                   A        B        C        D        E       F      G
               +--------+--------+--------+--------+--------+-----+--------+
         Total |   6048 |   5742 |    306 |   1439 |   2281 |   4 | 1512.0 |
       Dungeon |   6048 |   5742 |    306 |   1439 |   2281 |   4 | 1512.0 |
               +--------+--------+--------+--------+--------+-----+--------+

Top non-repeatable levels by time:
     D:3: 1980 daAuts
     D:4: 1726 daAuts
     D:2: 1308 daAuts
     D:1: 1032 daAuts
